 Dungeon Crawl Stone Soup version 0.32-a0-900-g30fb1b0edc (webtiles) character file.

Game seed: 1661620543501257067

1027 zazu2006 the Nimble (level 8, -2/64 HPs)
             Began as a Gnoll Wanderer on Apr 5, 2024.
             Killed from afar by a steam dragon (18 damage)
             ... with a ball of steam
             ... on level 8 of the Dungeon.
             The game lasted 00:10:13 (4629 turns).

zazu2006 the Nimble (Gnoll Wanderer)                Turns: 4629, Time: 00:10:14

Health: -2/64      AC:  6    Str:  9    XL:     8   Next: 23%
Magic:  12/12      EV: 17    Int: 13    God:
Gold:   213        SH:  0    Dex: 21    Spells: 12/13 levels left

rFire   . . .        a - +0 quarterstaff
rCold   . . .        (shield currently unavailable)
rNeg    . . .        c - +0 leather armour
rPois   +            E - +2 hat
rElec   .            (no cloak)
rCorr   .            o - +0 pair of gloves
SInv    .            (no boots)
Will    .....        g - amulet of regeneration
Stlth   +++          G - ring of poison resistance
HPRegen 1.10/turn    y - +6 ring of dexterity
MPRegen 0.13/turn

%: no passive effects
@: no status effects
A: fangs 1, strong nose, distributed training
a: no special abilities


You were on level 8 of the Dungeon.
You visited 1 branch of the dungeon, and saw 8 of its levels.

You collected 213 gold pieces.

Inventory:

Hand Weapons
 a - a +0 quarterstaff (weapon)
 C - a +3 dagger of flaming
Missiles
 b - 3 curare-tipped darts (quivered)
Armour
 c - a +0 leather armour (worn)
 o - a +0 pair of gloves (worn)
 r - a +0 helmet
 E - a +2 hat (worn)
Magical Staves
 l - a staff of conjuration
Jewellery
 g - an amulet of regeneration (around neck)
 i - a ring of resist corrosion
 y - a +6 ring of dexterity (right hand)
 G - a ring of poison resistance (left hand)
 H - a ring of willpower
 J - a +6 ring of dexterity
Wands
 z - a wand of warping (5)
Scrolls
 d - a scroll of silence
 h - a scroll of revelation {unknown}
 j - 3 scrolls of blinking {unknown}
 m - 3 scrolls of identify {unknown}
 s - a scroll of enchant weapon {unknown}
 u - a scroll of enchant armour {unknown}
 v - a scroll of vulnerability {unknown}
 w - 2 scrolls of amnesia {unknown}
 x - a scroll of fog {unknown}
 A - 2 scrolls of fear {unknown}
 F - 2 scrolls of summoning {unknown}
 K - a scroll of teleportation {unknown}
Potions
 e - a potion of attraction
 f - a potion of ambrosia {unknown}
 k - 2 potions of curing
 n - a potion of berserk rage {unknown}
 p - a potion of enlightenment {unknown}
 q - 2 potions of magic {unknown}
 t - 3 potions of heal wounds {unknown}
 B - a potion of mutation {unknown}
 D - a potion of degeneration {unknown}
 I - a potion of experience {unknown}


   Skills:
 + Level 5.6 Fighting
 + Level 3.2 Short Blades
 + Level 3.2 Long Blades
 + Level 3.2 Axes
 + Level 3.2 Maces & Flails
 + Level 3.2 Polearms
 + Level 5.6 Staves
 + Level 3.2 Ranged Weapons
 + Level 4.1 Throwing
 + Level 3.2 Armour
 + Level 9.1 Dodging
 + Level 3.2 Stealth
 + Level 3.2 Shields
 + Level 3.2 Unarmed Combat
 + Level 3.2 Spellcasting
 + Level 2.6 Conjurations
 + Level 2.6 Hexes
 + Level 2.6 Summonings
 + Level 2.6 Necromancy
 + Level 2.6 Translocations
 + Level 2.6 Fire Magic
 + Level 2.6 Ice Magic
 + Level 2.6 Air Magic
 + Level 2.6 Earth Magic
 + Level 2.6 Alchemy
 + Level 4.4 Invocations
 + Level 3.2 Evocations
 + Level 2.9 Shapeshifting


You had 12 spell levels left.
You knew the following spells:

 Your Spells              Type           Power      Damage    Failure   Level
a - Magic Dart            Conj           32%        1d4       11%         1

Your spell library contained the following spells:

 Spells                   Type           Power      Damage    Failure   Level
 Apportation              Tloc           16%        N/A       11%         1
 Necrotise                Necr           32%        1d5       11%         1
 Shock                    Conj/Air       32%        1d5       11%         1
 Sting                    Conj/Alch      32%        1d5       11%         1
 Summon Small Mammal      Summ           32%        N/A       11%         1
 Blink                    Tloc           16%        N/A       16%         2
 Call Imp                 Summ           16%        N/A       16%         2
 Static Discharge         Conj/Air       16%        3-4/arc   16%         2
 Hailstorm                Conj/Ice       8%         3d5       30%         3
 Summon Ice Beast         Ice/Summ       8%         N/A       30%         3
 Swiftness                Air            8%         N/A       30%         3
 Vampiric Draining        Necr           8%         2d6       30%         3
 Airstrike                Air            4%         2d(1-17)  71%         4
 Martyr's Knell           Necr/Summ      8%         N/A       71%         4
 Summon Lightning Spire   Summ/Air       8%         N/A       71%         4
 Curse of Agony           Necr           8%         N/A       96%         5
 Permafrost Eruption      Ice/Erth       4%         2x4d2     100%        6
 Sculpt Simulacrum        Ice/Alch       4%         N/A       100%        6


Dungeon Overview and Level Annotations

Branches:
Dungeon (8/15)
 Temple: D:4-7         Lair: D:8-11

Altars:
Kikubaaqudgha
Trog
Xom
The Shining One

Shops:
D:4 :


Innate Abilities, Weirdness & Mutations

You have very sharp teeth.
Your uncanny sense of smell can sniff out nearby items.
Your experience applies equally to all skills.


Message History

A steam dragon comes into view.
Found an ancient bone altar of Kikubaaqudgha.
Throw: 4 darts (curare)
Press: ? - help, Q - select action, (/) - cycle Shift-Dir - straight line, f - steam dragon
Aim: a steam dragon (asleep, 98% to hit)
You throw a curare-tipped dart.
The curare-tipped dart hits the steam dragon.
The steam dragon is poisoned.
The steam dragon struggles to breathe.
The steam dragon seems to slow down.
The steam dragon hisses angrily.
The steam dragon is moderately wounded.
You hit the steam dragon.
The steam dragon is heavily wounded.
The steam dragon completely misses you. The steam dragon misses you.
You hit the steam dragon but do no damage.
The steam dragon is heavily wounded.
The steam dragon breathes steam at you. The ball of steam hits you!
You closely miss the steam dragon.
You bite the steam dragon, but do no damage.
The steam dragon is heavily wounded.
You are engulfed in a cloud of scalding steam.
The steam dragon misses you.
The steam dragon claws you but does no damage.
You hit the steam dragon but do no damage.
The steam dragon is heavily wounded.
You are engulfed in a cloud of scalding steam.
You hit the steam dragon but do no damage.
The steam dragon is severely wounded.
You are engulfed in a cloud of scalding steam.
The steam dragon breathes steam at you. The ball of steam hits you!
* * * LOW HITPOINT WARNING * * *
The steam dragon breathes steam at you. The ball of steam hits you!
* * * LOW HITPOINT WARNING * * *
It was a potion of curing.
You feel better. The steam dragon breathes steam at you.
The ball of steam hits you!!
You die...

...# ## .#. #.
_. #. (##
#.#..#####
#.D......#
##§#.###.#
######§#..##.
#....@........
#..P.PPPPP.P..
#..P.......P.#
#..P.P...P.P.#
#..P.P._.P.P.#
#..P.P...P.P%##
#..P.......P..#
#..P.PPPPP.P..#
#.............#


There were no monsters in sight!

Vanquished Creatures
  An ice beast (D:4)
  An ogre (D:5)
  A centaur (D:5)
  2 phantoms
  Blork the orc (D:4)
  2 scorpions
  3 hounds (D:4)
  An orc priest (D:4)
  3 orc wizards
  An iguana (D:7)
  A gnoll (D:3)
  8 adders
  4 ufetubi
  4 dart slugs
  4 ribbon worms
  8 orcs
  10 endoplasms
  4 giant cockroaches
  4 goblins
  3 hobgoblins
  3 jackals (D:1)
  3 kobolds
  A quokka (D:1)
  7 ball pythons
  4 bats
  2 frilled lizards
  8 rats
94 creatures vanquished.

Vanquished Creatures (others)
  An orc wizard (D:5)
1 creature vanquished.

Grand Total: 95 creatures vanquished

Notes
Turn   | Place    | Note
-------+----------+-------------------------------------------
     0 | D:1      | zazu2006 the Gnoll Wanderer began the quest for the Orb.
     0 | D:1      | zazu2006 set off with the following items: a +0
                  | quarterstaff, 2 throwing nets, a +0 leather armour, a
                  | scroll of silence, a potion of attraction.
     0 | D:1      | Reached XP level 1. HP: 20/20 MP: 2/2
     1 | D:1      | Noticed an electric eel
    92 | D:1      | Reached XP level 2. HP: 26/26 MP: 3/3
   729 | D:2      | Learned a level 1 spell: Magic Dart
   759 | D:2      | Reached XP level 3. HP: 31/31 MP: 0/4
   825 | D:2      | Found a glowing golden altar of the Shining One.
  1280 | D:2      | Reached skill level 1 in Short Blades
  1280 | D:2      | Reached skill level 1 in Long Blades
  1280 | D:2      | Reached skill level 1 in Axes
  1280 | D:2      | Reached skill level 1 in Maces & Flails
  1280 | D:2      | Reached skill level 1 in Polearms
  1280 | D:2      | Reached skill level 1 in Ranged Weapons
  1280 | D:2      | Reached skill level 1 in Armour
  1280 | D:2      | Reached skill level 1 in Stealth
  1280 | D:2      | Reached skill level 1 in Shields
  1280 | D:2      | Reached skill level 1 in Unarmed Combat
  1280 | D:2      | Reached skill level 1 in Spellcasting
  1280 | D:2      | Reached skill level 1 in Evocations
  1473 | D:2      | Reached skill level 1 in Shapeshifting
  1473 | D:2      | Reached XP level 4. HP: 38/38 MP: 0/6
  1816 | D:3      | Reached skill level 1 in Conjurations
  1816 | D:3      | Reached skill level 1 in Hexes
  1816 | D:3      | Reached skill level 1 in Summonings
  1816 | D:3      | Reached skill level 1 in Necromancy
  1816 | D:3      | Reached skill level 1 in Translocations
  1816 | D:3      | Reached skill level 1 in Fire Magic
  1816 | D:3      | Reached skill level 1 in Ice Magic
  1816 | D:3      | Reached skill level 1 in Air Magic
  1816 | D:3      | Reached skill level 1 in Earth Magic
  1816 | D:3      | Reached skill level 1 in Alchemy
  2529 | D:3      | Reached XP level 5. HP: 43/43 MP: 1/7
  2621 | D:3      | Found a bloodstained altar of Trog.
  3017 | D:3      | Found a faded altar of an unknown god.
  3056 | D:4      | Noticed a phantom
  3089 | D:4      | Killed a phantom
  3294 | D:4      | Found Niseteg's Book Boutique.
  3309 | D:4      | Reached XP level 6. HP: 33/50 MP: 3/8
  3311 | D:4      | Reached skill level 5 in Fighting
  3311 | D:4      | Reached skill level 5 in Staves
  3649 | D:4      | Noticed Blork the orc
  3660 | D:4      | Killed Blork the orc
  3661 | D:4      | Reached XP level 7. HP: 41/56 MP: 10/10
  3877 | D:4      | Reached skill level 9 in Dodging
  3988 | D:5      | Entered Level 5 of the Dungeon
  4192 | D:5      | Reached XP level 8. HP: 58/63 MP: 12/12
  4596 | D:8      | Found a shimmering altar of Xom.
  4616 | D:8      | Found an ancient bone altar of Kikubaaqudgha.
  4629 | D:8      | Killed from afar by a steam dragon

Illustrated notes

Levels and vault maps discovered:
D:1:      arrival_aquarium_a, layout_basic
D:2:      minmay_evil_eye, layout_rooms, basic_altar
D:3:      minmay_door_path, layout_loops_cross, general_overflow_altar,
          shapermc_ecumenical_altar_hornbeckon, hex_large, minmay_liquid_box,
          minmay_misc_feat_rugged
D:4:      layout_basic, serial_shops, shop, uniq_blork_the_orc
D:5:      minmay_spotlight, layout_loops_ring, gammafunk_temple_overflow_claw,
          mainiacjoe_overflow_six_doors_small, nicolae_hepliaklqana_hippocampus,
          kennysheep_generic_room_7, uniq_ijyb
D:6:      layout_basic, serial_shops, nicolae_book_shop_shelving, fountainhead
D:7:      layout_basic, minmay_temple_entry_glassed_door, st_stairs_8,
          uniq_joseph, uniq_maggie
D:8:      layout_loops_corners, mainiacjoe_overflow_boulevard,
          mainiacjoe_overflow_cross_hatched, lemuel_crystal_altar,
          enter_bailey_2, minmay_misc_feat_hallway, uniq_maurice

Skill      XL: |  1  2  3  4  5  6  7 |
---------------+----------------------+-----
Short Blades   | 1 2 3 |  3.2
Long Blades    | 1 2 3 |  3.2
Axes           | 1 2 3 |  3.2
Maces & Flails | 1 2 3 |  3.2
Polearms       | 1 2 3 |  3.2
Ranged Weapons | 1 2 3 |  3.2
Armour         | 1 2 3 |  3.2
Stealth        | 1 2 3 |  3.2
Shields        | 1 2 3 |  3.2
Unarmed Combat | 1 2 3 |  3.2
Spellcasting   | 1 2 3 |  3.2
Evocations     | 1 2 3 |  3.2
Shapeshifting  | 1 2 |  2.9
Conjurations   | 1 2 |  2.6
Hexes          | 1 2 |  2.6
Summonings     | 1 2 |  2.6
Necromancy     | 1 2 |  2.6
Translocations | 1 2 |  2.6
Fire Magic     | 1 2 |  2.6
Ice Magic      | 1 2 |  2.6
Air Magic      | 1 2 |  2.6
Earth Magic    | 1 2 |  2.6
Alchemy        | 1 2 |  2.6
Invocations    | 3 4 |  4.4
Throwing       | 3 4 |  4.1
Fighting       | 5 |  5.6
Staves         | 5 |  5.6
Dodging        | 9 |  9.1

Action                     |  1- 3 |  4- 6 |  7- 9 || total
---------------------------+-------+-------+-------++-------
  Melee: Quarterstaff      |    34 |    63 |   147 ||   244
         Staff             |    99 |   108 |       ||   207
         Bite              |    13 |    14 |    24 ||    51
  Throw: Throwing net      |     2 |     2 |       ||     4
         Dart              |       |     8 |     9 ||    17
   Cast: Magic Dart        |    31 |    66 |       ||    97
    Use: Potion            |       |       |     1 ||     1
   Stab: Sleeping          |     1 |       |     2 ||     3
         Held in net/web   |     1 |     2 |       ||     3
         Distracted        |       |       |     1 ||     1
 Armour: Leather armour    |    59 |   129 |    92 ||   280
  Dodge: Dodged            |    86 |   246 |   148 ||   480

Table legend: (Time is in decaauts)
 A = Elapsed time spent in this place.
 B = Non-inter-level travel time spent in this place.
 C = Inter-level travel time spent in this place.
 D = Time resting spent in this place.
 E = Time spent auto-exploring this place.
 F = Levels seen in this place.
 G = Mean time per level.
                   A        B        C        D        E       F      G
               +--------+--------+--------+--------+--------+-----+--------+
         Total |   4632 |   4495 |    137 |      5 |   3332 |   8 |  579.0 |
       Dungeon |   4632 |   4495 |    137 |      5 |   3332 |   8 |  579.0 |
               +--------+--------+--------+--------+--------+-----+--------+

Top non-repeatable levels by time:
     D:3: 1394 daAuts
     D:2: 959 daAuts
     D:4: 935 daAuts
     D:1: 703 daAuts
     D:6: 261 daAuts
     D:5: 214 daAuts
     D:7: 125 daAuts
     D:8: 38 daAuts
